 Dungeon Crawl Stone Soup version 0.31.0-4-g52a2dc7128 (webtiles) character file.

Game seed: 15333791136137794550

885 Legs the Basher (level 7, -2/62 HPs)
             Began as a Minotaur Berserker on Jan 21, 2024.
             Was a Believer of Trog.
             Splashed by a jelly's acid (8 damage)
             ... on level 5 of the Dungeon on Jan 22, 2024.
             The game lasted 00:21:22 (6529 turns).

Legs the Basher (Minotaur Berserker)                Turns: 6529, Time: 00:21:22

Health: -2/62      AC:  0    Str: 23    XL:     7   Next: 76%
Magic:  6/6        EV:  9    Int:  4    God:    Trog [**....]
Gold:   190        SH:  0    Dex: 10    Spells: 6/6 levels left

rFire   . . .        w - +0 flail
rCold   . . .        (no shield)
rNeg    . . .        l - +0 chain mail
rPois   .            y - +0 hat
rElec   .            u - +0 cloak
rCorr   .            (no gloves)
SInv    .            c - +0 pair of boots
Will    +....        (no amulet) Stlth
                     s - ring of willpower
HPRegen 0.30/turn    (no ring)
MPRegen 0.10/turn

%: no passive effects
@: about to teleport, corroded
A: horns 2, retaliatory headbutt
a: Renounce Religion, Berserk, Trog's Hand


You were on level 5 of the Dungeon.
You worshipped Trog.
Trog was pleased with you.
You visited 1 branch of the dungeon, and saw 5 of its levels.

You collected 190 gold pieces.

Inventory:

Hand Weapons
 a - a +0 mace
 k - a +0 antimagic short sword
 w - a +0 flail (weapon)
Missiles
 f - 9 boomerangs (quivered)
Armour
 c - a +0 pair of boots (worn)
 l - a +0 chain mail (worn)
 r - a +0 helmet
 u - a +0 cloak (worn)
 y - a +0 hat (worn)
 B - a +0 chain mail
Jewellery
 o - an amulet of reflection
 s - a ring of willpower (left hand)
Wands
 e - a wand of mindburst (28)
Scrolls
 g - a scroll of fog
 m - a scroll of teleportation
 n - a scroll of poison
 q - a scroll of enchant armour
 t - a scroll of revelation
 x - a scroll of immolation {unknown}
 z - a scroll of torment {unknown}
Potions
 b - a potion of ambrosia
 d - 2 potions of heal wounds
 h - a potion of enlightenment
 i - a potion of cancellation {unknown}
 j - a potion of haste
 p - a potion of lignification
 v - a potion of might {unknown}
 A - a potion of berserk rage {unknown}


   Skills:
 + Level 5.9 Fighting
 + Level 8.1 Maces & Flails
 + Level 5.9 Armour
 + Level 3.3 Dodging
 + Level 0.2 Stealth


You had 6 spell levels left.
You didn't know any spells.
Your spell library was empty.

Dungeon Overview and Level Annotations

Branches:
Dungeon (5/15)
 Temple: D:4-7

Altars:
Ashenzari
Fedhas
Kikubaaqudgha
Qazlal
Ru
Trog

Shops:
D:4 *


Innate Abilities, Weirdness & Mutations

You have a pair of horns on your head.
You reflexively headbutt those who attack you in melee.


Message History

The jelly closely misses you.
You hit the jelly.
Your hands burn!
The jelly is moderately wounded.
The jelly hits you but does no damage.
You hit the jelly but do no damage. The acid corrodes you!
Your hands burn!
The jelly is moderately wounded.
The jelly barely misses you.
You hit the jelly but do no damage. The acid corrodes you!
Your hands burn!
You headbutt the jelly, but do no damage.
The jelly is moderately wounded.
The jelly barely misses you.
You completely miss the jelly.
The jelly is moderately wounded.
The jelly closely misses you. You furiously retaliate!
You headbutt the jelly, but do no damage.
You hit the jelly.
Your hands burn!
The jelly is moderately wounded.
The jelly hits you.
You are splashed with acid!
You hit the jelly but do no damage.
Your hands burn!
The jelly is moderately wounded.
The jelly barely misses you.
You hit the jelly.
Your hands burn!
Your headbutt misses the jelly.
The jelly is heavily wounded.
The jelly hits you but does no damage.
You hit the jelly.
Your hands burn!
The jelly is almost dead.
The jelly hits you.
You are splashed with acid.
* * * LOW HITPOINT WARNING * * *
You hit the jelly but do no damage. The acid corrodes you!
Your hands burn!
* * * LOW HITPOINT WARNING * * *
The jelly is almost dead.
The jelly hits you.
* * * LOW HITPOINT WARNING * * *
You are splashed with acid!
* * * LOW HITPOINT WARNING * * *
As you read the scroll of teleportation, it crumbles to dust.
You feel strangely unstable. The jelly hits you.
* * * LOW HITPOINT WARNING * * *
You are splashed with acid!
You die...

#.####. #.# #. #.# #. ###
### #. #.##+# .. #.##..#
.. #.#....# #####..
#.#...OJ### ###...#.. #.#
##@.## #.....##
#.#####....+ #..#...##
#.#..##....# ##..#....#
#>..#.##†.######.#.......
#......#'##......##.....#
#..<.###.......<.###....#
##..## ###.......# #....#
#### #.......# ######
#.......#


You could see an ogre and a jelly.

Vanquished Creatures
  A water moccasin (D:5)
  Pargi (D:3)
  An ogre (D:5)
  A black bear (D:4)
  A scorpion (D:5)
  3 bombardier beetles
  2 hounds (D:5)
  A jelly (D:5)
  Ijyb (D:3)
  2 iguanas
  Robin (D:2)
  A gnoll (D:1)
  6 adders
  2 ufetubi (D:5)
  5 dart slugs
  2 orcs (D:3)
  4 endoplasms
  4 giant cockroaches
  16 goblins
  8 hobgoblins
  4 quokkas
  12 ball pythons
  11 bats
  8 frilled lizards
  10 kobolds
  4 rats
112 creatures vanquished.

Notes
Turn   | Place    | Note
-------+----------+-------------------------------------------
     0 | D:1      | Legs the Minotaur Berserker began the quest for the Orb.
     0 | D:1      | Reached XP level 1. HP: 19/19 MP: 0/0
   331 | D:1      | Reached skill level 4 in Maces & Flails
   331 | D:1      | Reached XP level 2. HP: 22/27 MP: 1/1
   711 | D:1      | Reached XP level 3. HP: 33/33 MP: 2/2
  1107 | D:2      | Identified the +5 ring mail "Zocvem" {rC+ Will+}
  1376 | D:2      | Noticed Robin
  1378 | D:2      | Reached ** piety under Trog
  1405 | D:2      | Reached XP level 4. HP: 29/41 MP: 3/3
  1412 | D:2      | Killed Robin
  1810 | D:2      | Upgraded the game from 0.31.0-2-g5a2aebc5c2 to
                  | 0.31.0-4-g52a2dc7128
  1930 | D:3      | Reached skill level 5 in Maces & Flails
  1980 | D:3      | Noticed Ijyb
  1996 | D:3      | Killed Ijyb
  2177 | D:3      | Reached XP level 5. HP: 47/47 MP: 4/4
  2545 | D:3      | Noticed Pargi
  2563 | D:3      | Killed Pargi
  2564 | D:3      | Reached skill level 6 in Maces & Flails
  2564 | D:3      | Reached XP level 6. HP: 17/55 MP: 5/5
  3206 | D:3      | Reached *** piety under Trog
  3309 | D:4      | Found Luarchay's Neck Hole.
  3433 | D:4      | Found a stormy altar of Qazlal.
  3475 | D:4      | Found a broken altar of Ashenzari.
  3748 | D:4      | Found an ancient bone altar of Kikubaaqudgha.
  3749 | D:4      | Found a sacrificial altar of Ru.
  3821 | D:4      | Reached skill level 5 in Fighting
  3821 | D:4      | Reached skill level 5 in Armour
  3914 | D:4      | Found a blossoming altar of Fedhas.
  3931 | D:4      | Found a bloodstained altar of Trog.
  4847 | D:5      | Entered Level 5 of the Dungeon
  5375 | D:5      | Reached XP level 7. HP: 58/61 MP: 6/6
  5387 | D:5      | Reached skill level 7 in Maces & Flails
  6519 | D:5      | Reached skill level 8 in Maces & Flails
  6529 | D:5      | Splashed by a jelly's acid

Illustrated notes

Levels and vault maps discovered:
D:1:      psy_arrival_dodecagon, layout_loops_corners
D:2:      layout_loops_ring, uniq_robin
D:3:      layout_loops_ring, mainiacjoe_sewer_entry_somewhere_in_here_2,
          roderic_batcave, grunt_ministairs_5, minmay_joined_circles,
          uniq_pargi, uniq_ijyb
D:4:      layout_loops_corners, nicolae_overflow_quartered_altars,
          mainiacjoe_overflow_catwalk_spiral, serial_bayou,
          serial_bayou_crossing, serial_bayou_pond_d, serial_bayou_pond_b,
          serial_bayou_pond_e, nicolae_shop_sticking_my_neck_out
D:5:      minmay_bubble_buster, layout_rooms, uniq_edmund

Skill      XL: |  1  2  3  4  5  6  7 |
---------------+----------------------+-----
Maces & Flails | 4 5 6 8 |  8.1
Fighting       | 4 5 |  5.9
Armour         | 3 4 5 |  5.9
Dodging        | 3 |  3.3
Stealth        | |  0.2

Action                     |  1- 3 |  4- 6 |  7- 9 || total
---------------------------+-------+-------+-------++-------
  Melee: Mace              |    80 |   191 |    21 ||   292
         Headbutt          |    11 |    28 |     7 ||    46
         Flail             |       |       |    44 ||    44
         Punch             |       |       |     3 ||     3
 Invoke: Berserk           |     1 |     2 |     1 ||     4
         Trog's Hand       |     1 |     1 |     1 ||     3
    Use: Scroll            |       |     8 |     1 ||     9
         Potion            |       |     5 |     1 ||     6
 Armour: Animal skin       |    17 |       |       ||    17
         Chain mail        |    43 |   196 |    54 ||   293
  Dodge: Dodged            |    51 |   119 |    51 ||   221
